 Dungeon Crawl Stone Soup version 0.28.0 (webtiles) character file.

Game seed: 15730826288608799470

16279 Angani the Fighter (level 12, -1/98 HPs)
             Began as a Formicid Air Elementalist on Feb 8, 2022.
             Was the Champion of Zin.
             Slain by Rupert (7 damage)
             ... on level 12 of the Dungeon on Feb 9, 2022.
             The game lasted 00:39:21 (18227 turns).

Angani the Fighter (Formicid Air Elementalist)     Turns: 18227, Time: 00:39:22

Health: -1/98      AC: 12    Str: 24    XL:     12   Next: 68%
Magic:  12/24      EV: 11    Int: 29    God:    Zin [******]
Gold:   1574       SH: 15    Dex: 13    Spells: 14/27 levels left

rFire   + . .      SeeInvis +   g - +0 morningstar
rCold   . . .      Faith    .   e - +0 kite shield "Rienucra" {Contam rN+ Int+5 Dex-4}
rNeg    + . .      Spirit   .   j - +4 robe of Augmentation {Str+4 Int+4 Dex+4}
rPois   ∞          Reflect  +   (helmet unavailable)
rElec   .          Harm     .   w - +2 cloak {rPois}
rCorr   +          Rampage  .   h - +2 pair of gloves {infuse}
Will    +....                   (no boots)
Stlth   ++........              c - amulet of reflection
HPRegen 0.26/turn               t - ring of Zuodiaq {rCorr Str+3 Slay+3}
MPRegen 0.19/turn               z - ring of protection from fire

@: vitalised, studying Fighting
A: permanent stasis, dig shafts and tunnels, antennae 3, four strong arms
a: Dig, Shaft Self, Renounce Religion, Recite, Vitalisation, Imprison,
Sanctuary, Donate Gold


You were on level 12 of the Dungeon.
You worshipped Zin.
Zin was exalted by your worship.
You visited 2 branches of the dungeon, and saw 14 of its levels.
You also visited: Bailey.

You collected 2431 gold pieces.
You spent 642 gold pieces at shops.
You donated 215 gold pieces to Zin.

Inventory:

Hand Weapons
 g - a +0 morningstar (weapon)
Armour
 a - a +1 robe of willpower
 e - the +0 kite shield "Rienucra" (worn) {Contam rN+ Int+5 Dex-4}
   (You acquired it on level 3 of the Dungeon)

   Int:       It affects your intelligence (+5).
   Dex:       It affects your dexterity (-4).
   rN:        It protects you from negative energy.
   Contam:    It causes magical contamination when unequipped.
 h - a +2 pair of gloves of infusion (worn)
 j - the +4 robe of Augmentation (worn) {Str+4 Int+4 Dex+4}
   (You found it on level 5 of the Dungeon)

   Str:       It affects your strength (+4).
   Int:       It affects your intelligence (+4).
   Dex:       It affects your dexterity (+4).
 q - +0 steam dragon scales
 w - a +2 cloak of poison resistance (worn)
Magical Staves
 b - a staff of fire
Jewellery
 c - an amulet of reflection (around neck)
 t - the ring of Zuodiaq (left hand) {rCorr Str+3 Slay+3}
   (You bought it in a shop on level 8 of the Dungeon)

   [ring of resist corrosion]

   Str:       It affects your strength (+3).
   Slay:      It affects your accuracy & damage with ranged weapons and melee
   (+3).
   rCorr:     It protects you from acid and corrosion.
 y - an amulet of faith
 z - a ring of protection from fire (right hand)
 C - a ring of positive energy
 G - a ring of willpower
 K - a ring of positive energy
 M - a ring of poison resistance
 N - the ring of Hioz {rCorr MP+9 Dex+3}
   (You found it on level 1 of the Orcish Mines)

   [ring of resist corrosion]

   Dex:       It affects your dexterity (+3).
   MP:        It affects your magic capacity (+9).
   rCorr:     It protects you from acid and corrosion.
Wands
 r - a wand of flame (17)
 u - a wand of acid (14)
 F - a wand of iceblast (7)
 I - a wand of mindburst (7)
 J - a wand of digging (5)
Scrolls
 f - 6 scrolls of enchant weapon
 k - 2 scrolls of amnesia
 m - a scroll of magic mapping {unknown}
 o - a scroll of fear {unknown}
 x - 2 scrolls of fog
 A - a scroll of immolation {unknown}
 D - 2 scrolls of enchant armour
 L - a scroll of blinking {unknown}
Potions
 d - a potion of flight
 l - 2 potions of lignification
 n - a potion of resistance
 p - 2 potions of mutation
 v - a potion of magic {unknown}
 B - a potion of might {unknown}
 E - a potion of cancellation
 H - a potion of degeneration {unknown}


   Skills:
 + Level 10.3 Fighting
 - Level 1.7 Dodging
 - Level 2.4 Stealth
 - Level 8.0 Shields
 - Level 8.1 Spellcasting
 - Level 7.1 Conjurations
 + Level 9.1 Air Magic
 - Level 8.0 Poison Magic
 + Level 7.8 Invocations


You had 14 spell levels left.
You knew the following spells:

 Your Spells              Type           Power      Damage    Failure   Level
a - Shock                 Conj/Air       100%       1d9       1%          1
b - Static Discharge      Conj/Air       56%        N/A       1%          2
c - Airstrike             Air            29%        N/A       1%          4
d - Poisonous Vapours     Pois/Air       100%       N/A       1%          2
e - Olgreb's Toxic Radia  Pois           55%        N/A       3%          4

Your spell library contained the following spells:

 Spells                   Type           Power      Damage    Failure   Level
 Sting                    Tmut/Pois      100%       1d8       1%          1
 Conjure Flame            Conj/Fire      32%        6-21      6%          3
 Stone Arrow              Conj/Erth      64%        3d11      6%          3
 Ignite Poison            Fire/Tmut/Pois 27%        N/A       9%          3
 Sublimation of Blood     Necr           11%        N/A       14%         2
 Wereblood                Tmut           11%        N/A       14%         2
 Fulminant Prism          Conj/Hex       16%        3d11      21%         4
 Iskenderun's Mystic Bla  Conj/Tloc      32%        2d8       21%         4
 Sticky Flame             Conj/Fire      32%        2d5       21%         4
 Tukima's Dance           Hex            11%        N/A       26%         3
 Irradiate                Conj/Tmut      16%        3d19      50%         5
 Anguish                  Hex/Necr       5%         N/A       65%         4
 Animate Armour           Summ/Erth      22%        N/A       65%         4
 Petrify                  Tmut/Erth      11%        N/A       65%         4
 Lee's Rapid Deconstruct  Erth           5%         3d7*      94%         5
 Enfeeble                 Hex            5%         N/A       100%        7
 Ozocubu's Refrigeration  Ice            5%         4d6       100%        7
 Summon Hydra             Summ           5%         N/A       100%        7
 Ignition                 Fire           5%         3d4       100%        8
 Lehudib's Crystal Spear  Conj/Erth      16%        10d5      100%        8
 Swiftness                Air            Unusable   N/A       N/A         3

Dungeon Overview and Level Annotations

Branches:
Dungeon (12/15)            Temple (0/1) D:7            Lair (0/6) D:8
    Orc (2/2) D:12         Bailey (visited)
    Elf: Orc:2

Altars:
Makhleb
Zin
Beogh

Shops:
D:7 (   D:8 =

Annotations:
D:2 1 runed translucent door, exclusion: door, Crazy Yiuf
D:12 Rupert
Orc:2 Sonja


Innate Abilities, Weirdness & Mutations

You cannot be hasted, slowed, berserked, paralysed or teleported.
You can dig through walls and to a lower floor.
You have a pair of large antennae on your head. (SInv)
Your four strong arms can wield two-handed weapons with a shield.


Message History

You begin to radiate toxic energy.
Rupert looks as sick as possible!
Unknown command.
Unknown command.
Rupert looks as sick as possible!
Your toxic aura wanes.
Rupert roars madly and goes into a rage!
Rupert goes berserk!
Things that are here:
a +0 chain mail; a +0 scimitar Unknown command.
Okay, then.
Okay, then.
As you read the scroll labelled QUASEMOGOA, it crumbles to dust.
Your body is wracked with pain!
Rupert convulses!
The warg convulses!
Zin forgives your inadvertent evil act, just this once.
It was a scroll of torment.
You block Rupert's attack.
Aiming: Imprison (1% risk of failure)
Press: ? - help, Dir - move target, f/p - Rupert
Aim: Rupert, wielding a +4 vorpal great mace and wearing a +0 ring mail (severely wounded, berserk, very poisoned)
You need more space to imprison Rupert.
Unknown command.
Okay, then.
Okay, then.
You feel much better. You block Rupert's attack. x2
Casting: Olgreb's Toxic Radiance (dangerous; 3% risk of failure)
Confirm with . or Enter, or press ? or * to list all spells.
Rupert is struck by an arc of lightning!
Rupert is severely wounded.
The lightning grounds out.
Rupert hits you with a +4 vorpal great mace.
Rupert hits you with a +4 vorpal great mace!!
* * * LOW HITPOINT WARNING * * *
Unknown command.
You feel much better.
Rupert hits you with a +4 vorpal great mace!!
* * * LOW HITPOINT WARNING * * *
x2 You feel much better.
Rupert hits you with a +4 vorpal great mace!!
* * * LOW HITPOINT WARNING * * *
You die...

#...........# #...#
###########....h.h....#
#...####
#...............@.)...#
#.......
#.######.##)#######...#
#..##### #.####.....####
#...# #..# #.#.....8.....#
#...# #..# #.#...........##
#...# #.[# #........).....##
#...###..#
#..8....>....8.@###........#
##.......)...)..@h....####.#
##...........#####...# #.#
#.....8.....# #...# #.#
####.....#### #...# #.#
###.#..# #...# #.# #....#
#...# #.# ###..# #...# #.#
#..# #...# #.#


You could see Rupert (berserk, very poisoned) and a warg.

Vanquished Creatures
  A two-headed ogre (D:12)
  Erica (D:9)
  An orc knight (Orc:1)
  An ugly thing (D:12)
  Maurice (D:8)
  A kobold demonologist (D:10)
  Maggie (D:7)
  An unseen horror (D:12)
  2 komodo dragons
  2 trolls
  8 slime creatures (D:12)
  Sigmund (D:2)
  8 yaks
  4 wraiths
  A wyvern (D:10)
  6 vampire mosquitoes
  3 wargs (Orc:1)
  Edmund (D:4)
  An acid dragon (D:11)
  A sky beast (D:6)
  21 orc warriors
  2 ice beasts (D:7)
  4 ogres
  18 centaurs
  2 phantoms
  3 kobold brigands
  3 gnoll sergeants
  3 bullfrogs (D:8)
  2 scorpions
  4 killer bees (D:7)
  A howler monkey (D:8)
  4 hounds
  5 centaur zombies
  9 orc priests
  A bullfrog skeleton (D:6)
  2 centaur skeletons
  Jessica (D:2)
  2 iguanas
  17 orc wizards
  A hound skeleton (D:4)
  17 gnolls
  5 adders
  A white imp (D:6)
  An ufetubus (D:6)
  2 worms
  3 dart slugs
  78 orcs
  5 endoplasms
  5 giant cockroaches
  9 goblins
  7 hobgoblins
  3 quokkas
  9 ball pythons
  7 bats
  5 frilled lizards
  16 kobolds
  4 rats
328 creatures vanquished.

Vanquished Creatures (others)
  17 fungi
  10 plants
27 creatures vanquished.

Grand Total: 355 creatures vanquished

Notes
Turn   | Place    | Note
-------+----------+-------------------------------------------
     0 | D:1      | Angani the Formicid Air Elementalist began the quest for
                  | the Orb.
     0 | D:1      | Reached XP level 1. HP: 13/13 MP: 3/3
   208 | D:1      | Reached skill level 1 in Conjurations
   687 | D:1      | Reached XP level 2. HP: 19/19 MP: 1/5
  1032 | D:1      | Found a faded altar of an unknown god.
  1076 | D:1      | Prayed at the altar of an unknown god.
  1076 | D:1      | Became a worshipper of Zin the Law-Giver
  1076 | D:1      | Reached * piety under Zin
  1358 | D:1      | Reached XP level 3. HP: 24/24 MP: 3/6
  1618 | D:2      | Noticed an ogre
  1628 | D:2      | HP: 1/24 [ogre (14)]
  1629 | D:2      | Killed an ogre
  1630 | D:2      | Reached XP level 4. HP: 2/30 MP: 2/9
  1630 | D:2      | Reached XP level 5. HP: 2/35 MP: 2/10
  1927 | D:2      | Learned a level 2 spell: Static Discharge
  1932 | D:2      | Learned a level 4 spell: Airstrike
  1955 | D:2      | Identified the +1 robe of the Falcon {Dex+3}
  2067 | D:2      | Reached ** piety under Zin
  2096 | D:2      | Noticed Sigmund
  2118 | D:2      | Noticed Jessica
  2152 | D:2      | Killed Sigmund
  2153 | D:2      | Reached XP level 6. HP: 39/41 MP: 0/12
  2426 | D:2      | Found a runed translucent door.
  2427 | D:2      | Noticed Crazy Yiuf
  2505 | D:2      | Killed Jessica
  3538 | D:3      | Reached XP level 7. HP: 46/46 MP: 11/13
  3721 | D:3      | Identified 4 scrolls of acquirement
  3723 | D:3      | Acquired 1004 gold pieces
  3724 | D:3      | Reached *** piety under Zin
  3724 | D:3      | Reached **** piety under Zin
  3725 | D:3      | Acquired a +2 pair of gloves of infusion
  3732 | D:3      | Acquired a +6 ring of strength
  3740 | D:3      | Acquired the +0 kite shield "Rienucra" {Contam rN+ Int+5
                  | Dex-4}
  4029 | D:3      | Reached skill level 1 in Shields
  4457 | D:4      | Noticed Edmund
  4479 | D:4      | Killed Edmund
  4793 | D:4      | Learned a level 2 spell: Poisonous Vapours
  4798 | D:4      | Learned a level 4 spell: Olgreb's Toxic Radiance
  4829 | D:4      | Reached skill level 1 in Poison Magic
  5088 | D:4      | Reached XP level 8. HP: 52/52 MP: 8/15
  5255 | D:4      | Reached skill level 5 in Spellcasting
  5595 | D:5      | Entered Level 5 of the Dungeon
  5983 | D:5      | Found the +4 robe of Augmentation {Str+4 Int+4 Dex+4}
  6092 | D:5      | Reached skill level 5 in Air Magic
  6346 | D:5      | Reached ***** piety under Zin
  6437 | D:5      | Reached XP level 9. HP: 54/57 MP: 17/17
  6715 | D:5      | Reached skill level 5 in Poison Magic
  7507 | D:6      | Identified the +1 hand axe of Purpose {drain, rC+ rCorr}
  7516 | D:6      | Reached skill level 5 in Conjurations
  7842 | D:6      | Found a burning altar of Makhleb.
  7883 | D:7      | Found a flagged portal.
  7893 | D:7      | Noticed Maggie
  8012 | D:7      | Killed Maggie
  8029 | Bailey   | Entered a bailey
  8132 | Bailey   | Reached skill level 5 in Shields
  8578 | Bailey   | Reached XP level 10. HP: 58/63 MP: 19/19
  9726 | D:7      | Found a staircase to the Ecumenical Temple.
 10429 | D:7      | Found Fuat's Antique Weapon Shoppe.
 10693 | D:8      | Found Tute's Jewellery Shop.
 10887 | D:8      | Noticed Maurice
 10899 | D:8      | Killed Maurice
 10901 | D:8      | Reached ****** piety under Zin
 11083 | D:8      | Reached XP level 11. HP: 68/68 MP: 12/22
 11152 | D:8      | Bought the ring of Zuodiaq {rCorr Str+3 Slay+3} for 642
                  | gold pieces
 11791 | D:8      | Found a staircase to the Lair.
 11981 | D:9      | Reached skill level 1 in Fighting
 12080 | D:9      | Reached skill level 1 in Invocations
 12246 | D:9      | Reached skill level 2 in Fighting
 12441 | D:9      | Noticed Erica
 12448 | D:9      | Killed Erica
 12449 | D:9      | Reached skill level 3 in Fighting
 12860 | D:9      | Reached skill level 4 in Fighting
 13193 | D:10     | Entered Level 10 of the Dungeon
 13635 | D:10     | Reached skill level 5 in Fighting
 14549 | D:11     | Reached skill level 6 in Fighting
 14954 | D:12     | Noticed a two-headed ogre
 14960 | D:12     | Killed a two-headed ogre
 14961 | D:12     | Reached skill level 7 in Fighting
 14961 | D:12     | Reached skill level 5 in Invocations
 15143 | D:12     | Reached XP level 12. HP: 91/91 MP: 2/24
 15554 | D:12     | Identified the +10 shortbow "Ilakabet" {freeze, rElec Will-
                  | Dex+7 Stlth+}
 15828 | D:12     | Reached skill level 8 in Fighting
 16604 | D:12     | Found a staircase to the Orcish Mines.
 16684 | Orc:1    | Entered Level 1 of the Orcish Mines
 16820 | Orc:1    | Reached skill level 9 in Fighting
 17087 | Orc:1    | Found a runed translucent door.
 17283 | Orc:1    | Identified the ring of Hioz {rCorr MP+9 Dex+3}
 17335 | Orc:2    | Entered Level 2 of the Orcish Mines
 17337 | Orc:2    | Noticed Sonja
 17457 | Orc:2    | Noticed Rupert
 17712 | D:12     | Reached skill level 10 in Fighting
 18227 | D:12     | Slain by Rupert

Illustrated notes

Levels and vault maps discovered:
D:1:      dpeg_arrival_simpleton_c, layout_basic, basic_ecumenical_altar,
          minmay_pentomino_p2
D:2:      layout_loops_ring, serial_bayou_pond_a, uniq_crazy_yiuf_cottage,
          uniq_sigmund, uniq_jessica
D:3:      cheibrodos_thug_alley, layout_basic
D:4:      layout_loops_ring, minivault_14, minmay_crystal_room, uniq_edmund
D:5:      layout_loops_ring, serial_aquarium, aquarium_bridge_long_separate
          [aquarium_subvault_balcony, aquarium_subvault_wall,
          aquarium_subvault_bridge, aquarium_subvault_window,
          aquarium_subvault_wall, aquarium_subvault_bridge],
          aquarium_window_fake, aquarium_window_corner, aquarium_view_2d,
          aquarium_pool_1, minmay_misc_feat_chi, serial_bayou_pond_e
D:6:      layout_loops_ring, lightli_temple_of_fire
D:7:      layout_loops_ring, minmay_temple_entry_hall, enter_bailey_5,
          serial_shops, shop, serial_bayou_pond_e, amethyst_killhole,
          small_statue_intersection, uniq_maggie
D:8:      layout_gridville, grunt_lair_entry_orc_guard_hut, serial_shops,
          nicolae_inconvenience_store, uniq_maurice
D:9:      layout_loops_ring, uniq_erica
D:10:     layout_roguey
D:11:     layout_long_grid
D:12:     layout_long_grid, david_orc_2
Orc:1:    layout_diamond_mine, lightli_church_of_beogh
Orc:2:    grunt_orc_gardens, layout_caves, grunt_orc_garden, grunt_orc_garden,
          grunt_orc_garden, grunt_orc_garden, basic_altar, uniq_donald,
          uniq_sonja, uniq_erolcha, uniq_jorgrun, uniq_rupert

Skill      XL: |  1  2  3  4  5  6  7  8  9 10 11 12 |
---------------+-------------------------------------+-----
Conjurations   | 1 2 3 4 5 6 7 |  7.1
Spellcasting   | 3 4 5 6 7 8 |  8.1
Air Magic      | 3 4 5 6 8 9 |  9.1
Shields        | 2 3 5 7 8 |  8.0
Poison Magic   | 1 4 7 8 |  8.0
Fighting       | 7 10 | 10.3
Invocations    | 5 7 |  7.8
Dodging        | |  1.7
Stealth        | |  2.4

Action                   |  1- 3 |  4- 6 |  7- 9 | 10-12 || total
-------------------------+-------+-------+-------+-------++-------
Melee: Unarmed           |    12 |       |       |       ||    12
       Punch             |     1 |       |       |       ||     1
       Morningstar       |       |     7 |    27 |   105 ||   139
 Cast: Shock             |    57 |    85 |   163 |    62 ||   367
       Static Discharge  |       |       |    30 |    25 ||    55
       Airstrike         |       |       |    15 |    79 ||    94
       Olgreb's Toxic Ra |       |       |     9 |    65 ||    74
       Poisonous Vapours |       |       |     8 |    84 ||    92
Invok: Recite            |       |     1 |     4 |     3 ||     8
       Vitalisation      |       |       |     1 |     1 ||     2
       Sanctuary         |       |       |       |     1 ||     1
  Use: Scroll            |       |     3 |    11 |     5 ||    19
       Potion            |       |     1 |     2 |     3 ||     6
Armor: Robe              |     5 |     7 |    17 |    78 ||   107
Dodge: Dodged            |     9 |    29 |    27 |    80 ||   145
Block: Kite shield       |       |       |    69 |   199 ||   268
       Reflection        |       |       |     4 |    14 ||    18
